Workbook
Name _Hlk130211706: 'Taufen 1643 bis 1839'!$B$611
Name _Hlk133391382: 'Totenbuch 1666 bis 1831'!$H$2
Name OLE_LINK1: 'Taufen 1643 bis 1839'!$F$992
Name OLE_LINK2: 'Taufen 1643 bis 1839'!$H$1330

Sheet Taufen 1643 bis 1839
A1: lfd. Nr. | B1: Jahr | C1: Taufe | D1: Familienname | E1: Kind | F1: Vater | G1: Mutter | H1: Pate | I1: Bemerkungen
A2: 1 | B2: 1643 | C2: ?.3. | D2: Münch? | E2: Joes Petrus | F2: Jacobus | H2: Joes Petrus Münch
A3: =A2+1 -> 2 | B3: 1643 | C3: ?.3. | D3: Zimmer | E3: Marcus | F3: Xtophorus | H3: Marcus Seyp
A4: =A3+1 -> 3 | B4: 1643 | C4: 10.5. | D4: Marckloff | E4: Catharina | F4: Marcus | H4: Catharina, Filia [Tochter] Jacobi Münchs
A5: =A4+1 -> 4 | B5: 1643 | C5: 12.4. | D5: Ledderhos | E5: Elisabetha | F5: Jacob | H5: Elisabetha Uxor [Ehefrau] Matthiae Emmels
A6: =A5+1 -> 5 | B6: 1643 | C6: 15.7. | D6: Budinger | E6: Joes Gerhardus | F6: Valentinus | H6: Joes Gerhardus Meister, Praetor
A7: =A6+1 -> 6 | B7: 1643 | C7: 19.4. | D7: Fuchs | E7: Catharina | F7: Jacobus | H7: Catharina, Filia [Tochter] Jois Butzfeld
A8: =A7+1 -> 7 | B8: 1643 | C8: 19.4. | D8: Münster (?) | E8: Joes | F8: Philippus, Villicus | H8: Joannes Butzfeld, Subpraetor
A9: =A8+1 -> 8 | B9: 1643 | C9: 23.4. | D9: Meth | E9: Christophorus | F9: Adamus | H9: Xtophorus Pitz(?) aus Frauenstein
A10: =A9+1 -> 9 | B10: 1643 | C10: 26.4. | D10: Kettenbach | E10: Adamus | F10: Anthonius | H10: Adam Hilgen
A11: =A10+1 -> 10 | B11: 1643 | C11: 6.11. | D11: Burckardt | E11: Raymundus | F11: Martinus, Civis [Bürger] in Walluf | H11: Joes Peez, Judicius Scriba in Rauenthal
A12: =A11+1 -> 11 | B12: 1643 | C12: 8.11. | D12: Münch | E12: Ludovicus | F12: Jacobus | H12: Jacobus Münch, Senior
A13: 1 | B13: 1644 | C13: 10.3. | D13: Budinger | E13: Eva | F13: Valentinus | H13: Eva Weiskirchen Uxor [Ehefrau]
A14: =A13+1 -> 2 | B14: 1644 | C14: 12.6. | D14: N. N. | E14: Jacobus Die 3tio Baptis. obiit. | F14: Joannes, Subulcus | H14: Jacobus Müch Junior.
A15: =A14+1 -> 3 | B15: 1644 | C15: 15.6. | D15: Haan | E15: Joes | F15: Joes | H15: Joes Stann(?) aus Frauenstein
A16: =A15+1 -> 4 | B16: 1644 | C16: 16.3. | D16: Kneipp | E16: Marcus | F16: Simon | H16: Marx Seipp
A17: =A16+1 -> 5 | B17: 1644 | C17: 17.3. | D17: Kippel | E17: Eulalia | F17: Valentinus | H17: Uxor [Ehefrau] Jois Schuman in Hattenheim Praetor
A18: =A17+1 -> 6 | B18: 1644 | C18: 21.2. | D18: Peez | E18: Jacobus | F18: Joes | H18: Jacobus Münch, Senior
A19: =A18+1 -> 7 | B19: 1644 | C19: 31.7. | D19: Milchor | E19: Joes Henricus | F19: Joes(?) | H19: Henricus Civis [Bürger] in Mittalum
A20: =A19+1 -> 8 | B20: 1644 | C20: 31.7. | D20: Münch | E20: Joes Valentinus | F20: Jacobus | H20: Joes Valentinus Butzfeldt
A21: =A20+1 -> 9 | B21: 1644 | C21: 5.5. | D21: Hilgen | E21: Joes Adamus | F21: Adamus | H21: Joes Prath, Civis [Bürger] Moguntinus
A22: =A21+1 -> 10 | B22: 1644 | C22: 8.3. | D22: Heyll | E22: Marcus | F22: Matthias | H22: Marx Marckloff
A23: =A22+1 -> 11 | B23: 1644 | C23: 8.5. | D23: Isinger | E23: Eulalia | F23: Balthasarus | H23: Uxor [Ehefrau] Bartel Isingers
A24: 1 | B24: 1646 | C24: 20.10. | D24: Schmitz | E24: Jacobus | F24: Jacobus | H24: Jacobus Münch, Senior nec non Senatoris Ordinis
A25: =A24+1 -> 2 | B25: 1646 | C25: ?.8. | D25: Münch | E25: Maria | F25: Jacobus | H25: Maria Jacobi Münchs junioris
A26: =A25+1 -> 3 | B26: 1646 | C26: ?.9. | D26: Peez | E26: Catharina | F26: Joes | H26: Catharina, Jois Münchs Civis [Bürger] ex Villa nova
A27: 1 | B27: 1647 | C27: ?.?. | D27: Kesseler junior | E27: Henricus | H27: Michal Villicus
A28: =A27+1 -> 2 | B28: 1647 | C28: 1.1. | D28: Sturm | E28: Jacobus | F28: Joes | H28: Jacob Münch, Scabinus
A29: =A28+1 -> 3 | B29: 1647 | C29: 20.1. | D29: Meister | E29: Joannes Anthonius | F29: Joes Gerhardus, Praetor | H29: Joes Butzfeldt
A30: =A29+1 -> 4 | B30: 1647 | C30: 23.4. | D30: Hilg | E30: Anthonius | F30: Adam | H30: Anthonius Gröher ex Villa nova
A31: =A30+1 -> 5 | B31: 1647 | C31: 24.1. | D31: Backhaus(?) | E31: Bartholomaeus | F31: J? | H31: Adolescens [Jugendlicher] Barthol. Syffried
A32: =A31+1 -> 6 | B32: 1647 | C32: 26.9. | D32: Laux(?) | E32: Elisabetha | F32: Matheus | H32: Elisabetha Jacob Kessels Uxor [Ehefrau] in Frau...
A33: =A32+1 -> 7 | B33: 1647 | C33: 31.1. | D33: Daubern | E33: Joes | F33: Sebastian | H33: Joes …tor de Wombach
A34: =A33+1 -> 8 | B34: 1647 | C34: ?.1. | D34: Olbach | E34: Catharina | F34: Christianus Jacobus Kilianus | H34: Catharina
A35: 1 | B35: 1648 | C35: ?.?. | D35: Schmitt | E35: Margaretha | F35: Jacob | H35: Margaret Seipp
A36: =A35+1 -> 2 | B36: 1648 | C36: 1.6. | D36: Zimmer | E36: Ottilia | F36: Stoffel | H36: Ottilia Jois Haan
A37: =A36+1 -> 3 | B37: 1648 | C37: 10.5. | D37: Syffried | E37: Anna Maria | F37: Marcus | H37: Anna Bartholomai Relicta (reluta?)
A38: =A37+1 -> 4 | B38: 1648 | C38: 13.12. | D38: Marckloff | E38: Anna | F38: Marcus | H38: Anna, Jacobi Lederhoßen Uxor [Ehefrau]
A39: =A38+1 -> 5 | B39: 1648 | C39: 15.3. | D39: Münch | E39: Joes Anthonius | F39: Jacobus, Senator | H39: Anthonius Schnock
A40: =A39+1 -> 6 | B40: 1648 | C40: 2.11. | D40: Görg | E40: Catharina | F40: Laurentius | H40: Catharina, Jois Eschbachs Uxor [Ehefrau]
A41: =A40+1 -> 7 | B41: 1648 | C41: 20.2. | D41: Sch… | E41: Anna Margretha | F41: Jacob | H41: Margareth Maria Seyp
A42: =A41+1 -> 8 | B42: 1648 | C42: 26.11. | D42: Fuchs | E42: Balthasar, naturalis Filius [Sohn] | F42: Joes | H42: Balthasar Simon
A43: =A42+1 -> 9 | B43: 1648 | C43: 28.5. | D43: Backhaus(?) | E43: Anna Maria | F43: M… | H43: Anna Maria Adami Hilg Filia [Tochter]
A44: =A43+1 -> 10 | B44: 1648 | C44: 8.9. | D44: Peez | E44: Joes | F44: Raymundus | H44: DominusJoes Schuman, Praetor in Hattenheim
A45: =A44+1 -> 11 | B45: 1648 | C45: ?.2. | D45: Mistonis(?) | E45: Gertrudis | H45: Michaeli alici Uxor [Ehefrau] Gertrudis
A46: =A45+1 -> 12 | B46: 1648 | C46: ?.2. | D46: Müller | E46: Balthasar | F46: Bartholomaeus | H46: Balthasar Simon
A47: =A46+1 -> 13 | B47: 1648 | C47: ?.?. | D47: Münster | E47: Anna | F47: Philippus | H47: Jois Gerhardi Meisters Praet Uxor [Ehefrau] Anna
A48: =A47+1 -> 14 | B48: 1648 | C48: ?.10. | D48: Peez | E48: Elisabetha | F48: Joes | H48: Elisabetha, Mathes Emmels Relicta
A49: =A48+1 -> 15 | B49: 1649 | C49: ?.?. | D49: Schweitzer | E49: Joes Jacobus | F49: Georg | G49: Elsa | H49: Jacob Herber
A50: =A49+1 -> 16 | B50: 1649 | C50: ?.?. | D50: Sturm | E50: Joes | F50: Marcus | G50: Othilia | H50: Joes Peez, Scriba
A51: =A50+1 -> 17 | B51: 1649 | C51: 11.4. | D51: Schmit | E51: Catharina | F51: Jacobus | H51: Catharina, Valentini Müllers Uxor [Ehefrau]
A52: =A51+1 -> 18 | B52: 1649 | C52: 11.7. | D52: Led(er)hoß | E52: Anna Maria | F52: Jacobus | H52: Anna Maria, Jacobi Münchs seniori Uxor [Ehefrau]
A53: =A52+1 -> 19 | B53: 1649 | C53: 18.7. | D53: Sturm | E53: Christianus | F53: Joes | H53: Xtianus Hilgen
A54: =A53+1 -> 20 | B54: 1649 | C54: 26.9. | D54: Emmel | E54: Joes Valentinus | F54: Joes | H54: Velten Müller
A55: =A54+1 -> 21 | B55: 1649 | C55: 26.9. | D55: Weiskirch | E55: Joannes | F55: Jacobus | H55: Jacob Münch senior
A56: =A55+1 -> 22 | B56: 1649 | C56: 29.8. | D56: Meister | E56: Joes Gerhard | F56: Joes Gerhardus, Praetor | G56: Anna | H56: Joes Eberhardus, Filius [Sohn] Eckardi Anselmi Praetoris in lange Neudorf
A57: =A56+1 -> 23 | B57: 1650 | C57: ?.?. | D57: Sturm | E57: Catharina | F57: Marcus | H57: Catharina, Jacobi Münchs Filia [Tochter]
A58: =A57+1 -> 24 | B58: 1650 | C58: 14.8. | D58: Meister(?) | E58: Maria Eulalia | F58: D(ominus) Joes Gerhardus | H58: Eulalia, Uxor [Ehefrau] Jois Peez
A59: =A58+1 -> 25 | B59: 1650 | C59: 17.2. | D59: Isinger | E59: Eulalia | F59: Christ Jacob, Senator | H59: Eulalia, Barthol Isingers Uxor [Ehefrau]
A60: =A59+1 -> 26 | B60: 1650 | C60: 21.3. | D60: N. N. | E60: Demuth | F60: Valentinus, Pistor | H60: Jois Müllers Uxor [Ehefrau]
A61: =A60+1 -> 27 | B61: 1650 | C61: 24.3. | D61: Hilger | E61: Anna Catharina | F61: Adam | H61: Jois Münchs Filia [Tochter]
A62: =A61+1 -> 28 | B62: 1650 | C62: 27.2. | D62: Müller | E62: Othilia | F62: Barthol | H62: Othilia, Marci Sigfrits Uxor [Ehefrau]
A63: =A62+1 -> 29 | B63: 1650 | C63: 9.4. | D63: Kettenbach | E63: Anna Barbara | F63: Franciscus | H63: Barbara Filia [Tochter] Jois Gerhardi Meister Praetoris
A64: =A63+1 -> 30 | B64: 1650 | C64: 9.4.. | D64: St..... | E64: Joes Valentinus | F64: Joes, Miles [Soldat] | H64: Joes Valentinus, Corporalus in Kidrich
A65: =A64+1 -> 31 | B65: 1651 | C65: ?.?. | D65: Münch | E65: Catharina | F65: Matheus | H65: Anna Maria, Jacobi Münchs jun.Uxor [Ehefrau] pro Catharina,. D(omini) Joan Brausers Uxor [Ehefrau]
A66: =A65+1 -> 32 | B66: 1651 | C66: ?.6. | D66: Syfried | E66: Jacob | F66: Barthol | H66: Jacobus Münch, Jacobi Münchs Scabini Filius [Sohn]
A67: =A66+1 -> 33 | B67: 1651 | C67: ?.7. | D67: Peez | E67: Maria Eulalia | F67: Raymundus | H67: Eulalia, Jois Peezen Uxor [Ehefrau]
A68: =A67+1 -> 34 | B68: 1651 | C68: ?.9. | D68: Lederhos | E68: Eva | F68: Jacobus | H68: Eva, Jois Jacobi Weiskirch(?) Relicta
... A70: =A69+1 -> 36 | B70: 1651 | C70: ?.6. | D70: Heil | E70: Wilhelmus | F70: Matheus | H70: Wilhelmus Eschbach
A71: =A70+1 -> 37 | B71: 1651 | D71: Ohlbach | E71: Dorothea | F71: Joes Jacobus | H71: Dorothea, ? Passarts(?) Uxor [Ehefrau]
A72: =A71+1 -> 38 | B72: 1652 | C72: ?.?. | D72: Ma… de E… | E72: Joes Michael | F72: Joes | H72: Joes ? Famulus [Kellner] Adami Hilg ?
A73: =A72+1 -> 39 | B73: 1652 | C73: ?.?. | D73: Meister | E73: Anna Maria | F73: Joes Gerhardus | H73: Anna Maria(?), Adami Hilgen Filia [Tochter]
A74: =A73+1 -> 40 | B74: 1653 | C74: ?.?. | D74: Marckloff | E74: Franciscus Philippus | F74: Georgius | H74: Philippus Münster
A75: =A74+1 -> 41 | B75: 1653 | C75: ?.?. | D75: Marckloff | E75: Franz Philippus? | F75: ? | G75: ? | H75: ?
A76: =A75+1 -> 42 | B76: 1653 | C76: ?.?. | D76: Münch(?) | E76: ? | F76: ? | G76: ? | H76: ?
A77: =A76+1 -> 43 | B77: 1653 | C77: ?.?. | D77: Nün(?) | E77: Maria(?) | F77: Matheus(?) | G77: ? | H77: ? Jois Gerhardi Praetoris Filia [Tochter]
A78: =A77+1 -> 44 | B78: 1653 | C78: ?.?. | D78: Sturm | E78: Joes Ludovicus | F78: Joes | H78: Ludovicus Civis [Bürger] Kidiacensis
A79: =A78+1 -> 45 | B79: 1653 | C79: ?.?. | D79: Syfrid | E79: Joes Valentinus | F79: Marcus | H79: Joes Valentinus Weiskirch
A80: =A79+1 -> 46 | B80: 1653 | C80: ?.?. | D80: völlig unleserlich
A81: =A80+1 -> 47 | B81: 1653 | C81: ?.?. | D81: Weiskirch | F81: ? | G81: ? | H81: ?
A82: =A81+1 -> 48 | B82: 1653 | C82: ?.2. | D82: N. N. | E82: Anna Margaretha | F82: Joes Conradus, Villicus | H82: Margaretha, Marci Seipp Uxor [Ehefrau]
A83: =A82+1 -> 49 | B83: 1653 | C83: ?.2. | D83: Ohlbach | E83: Eulalia | F83: Jacobus | H83: Eulalia, Philippi Münsters(?) Filia [Tochter]
A84: =A83+1 -> 50 | B84: 1653 | C84: ?.9. | D84: Zimmer | E84: Joes Gerhardus | F84: Christophorus | H84: Joes Gerhardus
A85: =A84+1 -> 51 | B85: 1653 | C85: ?.?. | D85: N. N. | E85: Martinus | F85: Nicolaus | H85: Martin Burckhard in Walluf
A86: =A85+1 -> 52 | B86: 1653 | C86: ?.?. | D86: Rieth | E86: Bartholomaeus | F86: Barthol | H86: Barthol. Isinger
A87: =A86+1 -> 53 | B87: 1653 | C87: ?.?. | D87: Schmitt | E87: Ottilia | F87: Jacobus | H87: Marci Sturms Uxor [Ehefrau] Ottilia
A88: =A87+1 -> 54 | B88: 1653 | C88: ?.?. | D88: ? | E88: Maria Margaretha | F88: ?. Villicus | H88: Mathes M… Uxor [Ehefrau] Margarethe
A89: =A88+1 -> 55 | B89: 1653 | C89: ?.?. | D89: Fuchs | E89: Catharina | F89: Jacobus | H89: Catharina, Jois Butzfeld Subprätoris Uxor [Ehefrau]
A90: =A89+1 -> 56 | B90: 1653 | C90: ?.?. | D90: Syfrid | E90: Catharina | F90: Bartholomaeus | H90: Jois ? in Neuendorf
A91: =A90+1 -> 57 | B91: 1653 | C91: ?.?. | D91: Marckloff | E91: F…. Philipp | F91: Marcus | H91: Philipp Münster
A92: =A91+1 -> 58 | B92: 1653 | C92: ?.?. | D92: Sturm | E92: Joes Gerhardus | F92: Marcus | H92: Joes Gerhardus (Meister?) Praet(or)
A93: =A92+1 -> 59 | B93: 1654 | C93: ?.?. | D93: N. N. | E93: Anna Catharina | F93: Joes Philippus | H93: Catharina, Jois Michaelis Schäfer Uxor [Ehefrau]
... A98: =A97+1 -> 64 | B98: 1655 | C98: ?.2. | D98: ? | E98: Eulalia | F98: Joannes(?) | H98: Eulalia Uxor [Ehefrau] Backhaus(?) ?
A99: =A98+1 -> 65 | B99: 1655 | C99: ?.?. | D99: Syffriedt | E99: Anna | F99: Bartholomaeus | H99: Anna Praetoris Uxor [Ehefrau] | I99: hoc Anno = dieses Jahr
A100: =A99+1 -> 66 | B100: 1655 | C100: ?.?. | D100: Müller | E100: Anna | F100: Barthol | H100: Anna, relicta Vidua Bartholomaei Syfrids
A101: =A100+1 -> 67 | B101: 1655 | C101: ?.?. | D101: N. N. | E101: Eva | F101: N | H101: Vidua Jois Weiß ?
A102: =A101+1 -> 68 | B102: 1655 | C102: ?.1. | D102: Achtweis(?) | E102: Maria Agnes | F102: Villicus | H102: Jacobi Fuchs Filia [Tochter] Maria Agnes
A103: =A102+1 -> 69 | B103: 1656 | C103: ? | D103: Peetz | E103: Anna Maria | F103: Joes | H103: Maria, Raymundi Peetz Uxor [Ehefrau]
A104: =A103+1 -> 70 | B104: 1656 | C104: ?.? | D104: Meister(?) | E104: Catharina | F104: Georgius | H104: Catharina, Marci Markloffs Filia [Tochter] | I104: eod.M
A105: =A104+1 -> 71 | B105: 1656 | C105: ?.?. | D105: Meister | E105: Joes Caspar | F105: Joes Gerhardus, Praetor(?) noster | H105: Frater ejus Joes Casparus | I105: pst Pascua {nach Ostern]
...

Sheet Trauungen 1677 bis 1831
A1: Jahr | B1: Datum | C1: Name | D1: Bräutigam | E1: Braut | F1: Eltern des Bräutigams | G1: Eltern der Braut oder früherer Ehemann | H1: Trauzeugen, Zusätze | I1: Bemerkung 1 | J1: Bemerkung 2
A2: 1677 | B2: 18.5. | C2: Münch | D2: Adolescens (Jugendlicher) Ludovicus Münch Rauenthalensis | E2: Vidua (eine Witwe) Folartin Anna Catharina | F2: Jakobus Münch jun. | G2: Vidua (eine Witwe) Davidii p.m., quondam Civis et Negotiatoris Moguntii (als Mainzer Bürger und Kaufmann) | H2: Dominus [Meister] Joes Peetz, Praetor, | I2: Jacobus Müch senior, Scabinus, | J2: Joes Georgius Hoffman, Scriba judicii [Gerichtsschreiber] huiatis
A3: 1677 | B3: ? | C3: ?? | D3: Ernst Antonius, ? in Rauenthal | E3: Virgo (Jungfrau) Maria Schwellin | F3: Henricus Ernst p.m. | G3: ? Bubulcus (Ochsentreiber oder Ochsenknecht) | H3: ?
A4: 1677 | B4: 15.11. | C4: Marckloff | D4: Adolescens (Jugendlicher) Franciscus Philippus Marckloff | E4: Virgo (Jungfrau) Anna Maria Peezin
A5: 1677 | B5: 10.1. | C5: Schmidt | D5: Adolescens (Jugendlicher) Jacobus Schmidt | E5: Virgo (Jungfrau) Catharina Siltetin(?) | F5: Jacobus Schmidt et Catharina | G5: Nicolaus et Margaretha
A6: 1678 | B6: 18.1. | C6: Felinger | D6: Adolescens (Jugendlicher) Wilhelmus Felinger, oriundus (einheimisch) (einheimisch) in Niderbrechen sub Ditione Rdissmi ? Principis Trevirendis | E6: Virgo (Jungfrau) Ottilia Büdingerin | F6: Petrus Fehlinger et Margaretha | G6: Philippus et Elisabetha p.m.
A7: 1678 | B7: 25.3. | C7: Stockhausen | D7: Adolescens (Jugendlicher) Mathaeus Stockhausen, oriundus (einheimisch) in Stockhausen sub Ditione Rdissmi et Celsissimi(?) .. is Coloniens.. | E7: Virgo (Jungfrau) Anna Catharina ….andt | F7: Michael p.m. et Elisabetha | G7: Andreas …andt p.m. et Margaretha
A8: 1678 | B8: 12.9. | C8: Lamberti | D8: Dominus [Meister] Jodocus Lamberti, loci hui Ludimoderator (örtlicher Spielmeister), natus (geboren) in Winckel | E8: Virgo (Jungfrau) Anna Maria Pez | F8: Rupertus(?) Lamberti et Elisabetha | G8: Dominus [Meister] Joes Pez, Praetor, et Eulalia
A9: 1679 | B9: 9.1. | C9: Faller | D9: bigamus et obert… ….. Laurentius Faller | E9: Vidua (eine Witwe) Anna Maria Meth | G9: Christophori Methen p.m. Relicta
A10: 1679 | B10: 23.? | C10: Jörg | D10: Adolescens (Jugendlicher) Joes Jörg | E10: Virgo (Jungfrau) Maria Magdalena, (kein Fam.namen) relicta Filia | F10: Laurentz Jörg et Elisabetha p.m. | G10: Cornelius et Anna Barbara p.m.
A11: 1680 | B11: 2.1. | C11: Anz | D11: Adolescens (Jugendlicher) Jacobus Anz, natus in Rüdesheim | E11: Vidua (eine Witwe) Anna Maria Heyl | G11: Marci Heyl p.m. Relicta
A12: 1680 | B12: 4.1. | C12: Zey | D12: Adolescens (Jugendlicher) Joes Zey | E12: Vidua (eine Witwe) Plezirin (kein Vorname = Anna Maria?) | F12: Conradus Zey et Sybilla p.m. | G12: Joes Jacobi Plezirs Relicta
A13: 1680 | B13: 3.? | C13: Rausch | D13: Henericus Rausch ex Eltville | E13: Virgo (Jungfrau) Maria Eulalia Peetzin | G13: Dominus [Meister] Raymundus Peetz p.m. et Anna Maria
A14: 1680 | C14: Haan | D14: Dominus [Meister] Joes Valentinus Haan | E14: Virgo (Jungfrau) Catharina Ringelin | G14: Henricus Ringel
A15: 1681 | B15: 24.11. | C15: Franck | D15: Adolescens (Jugendlicher) Nicolaus Franck | E15: Virgo (Jungfrau) Catharina Emmelin | F15: Jod.(?) Franck et Anna | G15: Joes Emmel, Civis huiatis, et Elisabetha
A16: 1682 | B16: 26.1. | C16: Schweizer | D16: Adolescens (Jugendlicher) Adam Schweizer | E16: Virgo (Jungfrau) Anna Catharina Sturmin
A17: 1682 | B17: 3.?. | D17: Honestus Vir Wilhelmus (kein Familienname)(Der ehrliche Wilhelm) | E17: Virgo (Jungfrau) Anna Maria Königin
A18: 1682 | B18: 5.8. | C18: David | D18: Petrus(?) David, Accola huiatis | E18: Virgo (Jungfrau) Anna Margaretha Kirchin
A19: 1682 | B19: 15.?. | C19: Biglar | D19: Christophel Biglar(?) | E19: Anna Dorothea Nürnbergerin
A20: 1682 | B20: ? | C20: Fuchß | D20: Matthias Fuchß | E20: Anna Margaretha Hilpertin(?)
A21: 1683 | B21: ? | C21: Zeih | D21: Joes Zeih | E21: Anna Maria Möhnin | G21: Hartmann Möhn p.m.
A22: 1683 | B22: ? | C22: Ezler | D22: Adolescens (Jugendlicher) Jacobus Ezler | E22: Maria Agnes Backhausin | G22: Simon Backhaus et Eulalia ….
A23: 1684 | B23: ?.1. | C23: Petz | D23: Adolescens (Jugendlicher) Joannes Petz | E23: Virgo (Jungfrau) Maria Anna Syffridin | F23: Archipraetor (Erzpriester) Joes Peez | G23: Joes Syffrid et Barbara
A24: 1684 | B24: 29.5. | C24: Schäffer | D24: Adolescens (Jugendlicher) Joannes Georgius Schäffer | E24: Maria Elisabetha Bartlerin | F24: Michael Schäffer et Catharina | G24: Michael Bartler Civis in Bensem et Margaretha | H24: Bartholomäus Müller et Adamus Diederich
A25: 1684 | B25: 6.?. | C25: Wagner | D25: Vir Bartholomaeus Wagner | E25: Anna Stockhausin | G25: Michael Stockhaus et Elisabetha | H25: Henricus Stockhausen et Jacobus Schmidt junior
A26: 1684 | B26: ?.9. | C26: Dörhaupt | D26: Adolescens (Jugendlicher) Joannes Petrus Dörhaupt | E26: Virgo (Jungfrau) Ottilia Schmidtin | F26: Joannes Jacobus Dörhaupt, Civis, et Eva | G26: Jacobus Schmidt et Catharina
A27: 1684 | B27: 21.1. | C27: Eschbach | D27: Joannes Eschbach | E27: Virgo (Jungfrau) Judith Münzin
A28: 1685 | B28: ?.6. | C28: Syffrid | D28: Adolescens (Jugendlicher) Joannes Eckard Syffrid | E28: Virgo (Jungfrau) Elisabetha Catharina Peezin | F28: Joes Gerardus Syffrid et Barbara | G28: Dominus [Meister] Raimundus et Anna Maria | H28: Joes Valentinus Münch, Civis Asperavallanus, et Emericus Rausch, Civis Altavillanus
A29: 1685 | B29: 25.6. | C29: Olbach | D29: Adolescens (Jugendlicher) Christianus Olbach | E29: Virgo (Jungfrau) Catharina Scholmayer | F29: Joes Jacobus Olbach et Anna | G29: Marcus Scholmayer ex Eichsfeldia in Silbezhausen
A30: 1685 | B30: 3.11. | C30: Buzfeldt | D30: Dominus [Meister] Valentinus Buzfeldt, Suppraetor Asperavallensis | E30: Matrona Catharina Weiskirchin, Vidua (eine Witwe)
A31: 1686 | B31: 21.1. | C31: Bappert | D31: Adolescens (Jugendlicher) Joes Jacobus Bappert | E31: Virgo (Jungfrau) Magdalena Flickin | F31: ? Bappert et Anna Margaretha | G31: Joes Flick et Maria Cives Elfeldanses
A32: 1686 | B32: 4.2. | C32: Frey | D32: Adolescens (Jugendlicher) Joes Jacobus Frey natus in Suebia nomine Zürg(?) | E32: Virgo (Jungfrau) Margaretha …linsin nata in Nastetten | F32: Othmar et Dorothea | G32: Balthasar et Elisabetha
A33: 1686 | B33: 18.2. | C33: Wagner | D33: Adolescens (Jugendlicher) Joes Antonius Wagner | E33: Barbara Syffridin | F33: Bartholomaeus(?) Wagner et Catharina | G33: Bartholomaeus Syffrid Scabinus huiatis et Catharina
A34: 1686 | B34: ?.1. | C34: Heyl | D34: Civis huiatis Wilhelmus Heyl | E34: Virgo (Jungfrau) Christina Münzin | G34: Joes Andreas Münz et Margaretha
A35: 1687 | B35: ? | C35: Schönborn | D35: Adolescens (Jugendlicher) Georgius Philippus Schönborn Elfeldansis | E35: Virgo (Jungfrau) Anna Maria Pezin | G35: Jacobus Pez et Margaretha
A36: 1687 | B36: ?.3. | C36: Denn | D36: Famulus [ein Kellner] Jörg Denn | E36: Anna Köstebachin (?) | H36: Sine Solemnitatibus et Proclamationibus .. copulati sunt. Ambo Juvenes sed non Virgines [Ohne Zeremonien und Proklamationen ... wurden sie vereint. Beide sind jung, aber keine Jungfrauen]
A37: 1687 | B37: ?.4. | C37: Ludwig | D37: Adolescens (Jugendlicher) Joes Georgius Ludwig | E37: Anna Maria Plezirin | F37: Civis Joes Georgius Ludwig et Anna Maria | G37: Joes Jacobus Plezir, Civis huiatis, et Anna Maria
A38: 1688 | B38: ?.2. | C38: Peez | D38: doctissimus Dominus Raymundus Peez Juris utriusque Doctor et juridi.. Moguntina Professor ordinarius | E38: Virgo (Jungfrau) Maria Spos(?) Köckock(?) | G38: Doctor Köckocks piae memoriae (Doktor Köckocks frommen Andenkens) | H38: (der gelehrte Meister Raymond Peez, sowohl ein Doktor der Rechtswissenschaften als auch ein Rechtsanwalt)
A39: 1688 | B39: 19.7. | C39: Schweickart | D39: Lorentz Schweickart ex Lohenstein(?) | E39: Elisabetha Schmidt ex Hamerstein | F39: Fridericus Schweickart et Gertrudis | G39: Conradus Schmidt et Catharina
A40: 1688 | B40: ? | C40: ??? | D40: Adolescens (Jugendlicher) Henricus ? | E40: ? | F40: Valentinus ? | G40: ?
A41: 1688 | B41: 22.11. | C41: Lukas | D41: Adolescens (Jugendlicher) Antonius Lukas, p.t. Subulcus in Rauenthal | E41: Virgo (Jungfrau) Anna Margaretha Haman ex Eychsfeldia nata | F41: Wi… Lukas et Catharina | G41: Joes et Mater Margaretha
A42: 1689 | B42: 29.8. | C42: Fischbach | D42: Antonius Fischbach Civis | E42: Anna Kornin | H42: ambo bigami
A43: 1689 | B43: 15.11. | C43: Buzfeldt | D43: Adolescens (Jugendlicher) Joes Wendelinus Buzfeldt | E43: Virgo (Jungfrau) Maria Agnes Sturmin | F43: Dominus [Meister] Suppraetor Valentinus Buzfeldt et Elisabetha Catharina | G43: Dominus [Meister] Marcus Sturm p.t. Praetor huiatis et Odilia
A44: 1689 | B44: 20.11. | C44: Müller | D44: Adolescens (Jugendlicher) H.. Müller | E44: Virgo (Jungfrau) N. Sturmin (kein Vornamen)
A45: 1690 | B45: 6.2. | C45: Isinger | D45: Viduus (Witwer) Xtianus Jacobus Isinger Civis huiatis | E45: Vidua (eine Witwe) Odilia Dörhaubdin
A46: 1690 | B46: 30.3. | C46: Pomp | D46: Adolescens (Jugendlicher) Joes Jodocus Pomp Wambacensis | E46: Anna Lupin | F46: Joes Pomp et Elisabetha | G46: Joes Lup et Catharina sub Ditione Comitis [unter Kontrolle des Grafen] a Runkel | H46: Coram Testibus. | I46: N.B.: Peccatores. Te rogamus audi nos. | J46: (Angesichts der Zeugen. N.B.: Sünder. Bitte dich, uns zu hören)
A47: 1690 | B47: 17.4. | C47: Lucas | D47: Viduus (Witwer) Antonius Lucas p.t. Subulcus Asperavall. | E47: Virgo (Jungfrau) Anna Maria Kettebachin | G47: Franciscus Kettebach incola [Bewohner] huiatis, et Anna
A48: 1690 | B48: 8.5. | C48: Müller | D48: Viduus (Witwer) Balthasar Müller, Civis Neovillanus | E48: Virgo (Jungfrau) Judith Weiskirchin | G48: Dominus [Meister] Valentinus Weiskirch, Scabinus huiatis, et Odilia
A49: 1690 | B49: 22.5. | C49: Eschbach | D49: Adolescens (Jugendlicher) Joes Guilelmus Eschbach | E49: Virgo (Jungfrau) Eva Maria Syffridin | F49: Joes Eschbach p.m. et Anna Maria | G49: Dominus [Meister] Bartholomaeus Syffrid Scabinus Asperav.
A50: 1690 | B50: 25.6. | C50: Haan | D50: Valentinus Haan, Civis et Campanator Asperav. | E50: Vidua (eine Witwe) Ursula Ottin ex Oberwalluf
A51: 1690 | B51: 26.6. | C51: Ringell | D51: Adolescens (Jugendlicher) Valentinus Ringell | E51: Virgo (Jungfrau) Anna Maria Münchin | F51: Henricus Ringell et Barbara | G51: Jacobus Münch, Civis hujatis, et Anna Maria
A52: 1690 | B52: 11.9. | C52: Sturm | D52: Viduus (Witwer) Joes Ludovicus Sturm, Civis Asper. | E52: Virgo (Jungfrau) Anna Margaretha Pezin | G52: Joes Gerardus Pez p.m. et Elisabetha
A53: 1690 | B53: 18.9. | C53: Faller | D53: Dominus [Meister] Joes Wolffgangus Faller Ludirector Asperavallanus | E53: Virgo (Jungfrau) Maria Elisabetha Butzfeldin | F53: Nicolaus Faller, Civis Rüdesheimensis, et Anna Maria | G53: Dominus [Meister] Joes Valentinus Butzfeld p.m., Suppraetor, et Elisabetha Catharina
A54: 1690 | B54: 18.9. | C54: Geisler | D54: Adolescens (Jugendlicher) Joes Petrus Geisler | E54: Virgo (Jungfrau) Elisabetha Weiskirchin | F54: Joes Geisler, Civis huiatis, et Ursula | G54: Dominus [Meister] Joes Valentinus Weiskirch, Scabinus huiatis, et Odilia
A55: 1690 | B55: 24.9. | C55: Müller | D55: Adolescens (Jugendlicher) Joes Eberhardus Müller | E55: Vidua (eine Witwe) Maria Agnes Münchin | F55: Dominus [Meister] Bartholomaeus Müller, Scabinus huiatis, et Maria Elisabetha | G55: Jois Münch relicta Vidua (eine Witwe)
A56: 1690 | B56: 26.10. | C56: Kühnhaussen | D56: Adolescens (Jugendlicher) Andreas Kühnhaussen, Erfordiensis, Miles Mog(unti)nus [Ritter von Mainz] | E56: Maria Magdalena N (kein Fam.name) Virgo Asperavallana | F56: Joes Hermannus Kühnhausen et Catharina
A57: 1691 | B57: 9.1. | C57: Schweizer | D57: Adolescens (Jugendlicher) Franciscus Philippus Schweizer | E57: Vidua (eine Witwe) Christina Heylin | F57: Georgius Schweizer, Civis huiatis, et Elisabetha | G57: Giulielmi Heyl p.m. relicta Uxor
A58: 1691 | B58: 26.11. | C58: Schöffer | D58: Adolescens (Jugendlicher) Joes Conradus Schöffer | E58: Virgo (Jungfrau) Catharina Cronbergerin | F58: Joes Michael Schöffer et Catharina | G58: Guilielmus Cronberg, Civis Kideeracensis, et Catharina
A59: 1691 | B59: 8.1. | C59: Kettenbach | D59: Adolescens (Jugendlicher) Joes Conradus Kettenbach | E59: Anna Barbara Balthasarin ex Villa quadam prope S.tum Goarem | F59: Franciscus Kettenbach et Anna | G59: Nicolaus Balthasar et Elisabetha
A60: 1692 | B60: 14.4. | C60: Deuer | D60: Viduus (Witwer) Joes Conradus Deuer, Civis Asperav. | E60: Vidua (eine Witwe) Anna Maria Oberbodemin | G60: Jois Oberbodems p.m. Incola [Bewohner] e Altavill. Relicta
A61: 1692 | B61: 11.8. | C61: Vietor | D61: Adolescens (Jugendlicher) Stephanus Eck, Vietor et Civis Mog(unti)nus | E61: Virgo (Jungfrau) Anna Catharina Syffridin | F61: Joes Guilielmus Eck, Civis Mog(unti)ni p.m. | G61: Dominus [Meister] Joes Gerardus Syffrid p.m. et Maria Agnes
A62: 1692 | B62: 30.9. | C62: Kirschner | D62: Adolescens (Jugendlicher) Joes Wendelinus Kirschner | E62: Virgo (Jungfrau) Anna Eva Methin | F62: Simon Kirschner, Civis quondam altavillanus, et Christina | G62: Xtophorus Meth p.m., Civis huiatis, et Anna Maria
A63: 1693 | B63: 8.4. | C63: Vietor | D63: Joes Eschbbach, Civis et Vietor Asperavallanus | E63: Famula sua Margaretha Frizin ex Frauenstein
A64: 1693 | B64: 23.4. | C64: Miles | D64: Matthias Schuffel, Miles Hass. acatholicus | E64: Virgo (Jungfrau) Maria Catharina Pezin | G64: Dominus [Meister] Jacobus Pez p.m. et Margaretha
A65: 1693 | B65: 14.9. | C65: Syffrid | D65: Joes Syffrid, Viduus (Witwer) Asperavallanus | E65: Anna Maria Münchin | G65: Andreas Münch et N. N.
A66: 1693 | B66: 22.1. | C66: Dieffenbach | D66: Viduus (Witwer) Joes Georgius Dieffenbach Incola [Bewohner] Moguntinus ex Parochia S. Ignatii | E66: Virgo (Jungfrau) Anna Barbara Wiesin | G66: Henricus Wiese et Sybilla prope Civitatem Francofurtensem habitantes
A67: 1694 | B67: 19.4. | C67: Emmel | D67: Adolescens (Jugendlicher) Joes Jacobus Emmel | E67: Mulier Catharina Schmittin | F67: Joes Emmel p.m. et Elisabetha | G67: Dominici Schmitt p.m. relicta Vidua (eine Witwe)
A68: 1694 | B68: 19.4. | C68: Keßler | D68: Adolescens (Jugendlicher) Georgius Melchior Keßler, Miles Saxonicus | E68: Virgo (Jungfrau) Barbara Ingedultin, Famula Erbacensis
A69: 1694 | B69: ?.5. | C69: Rath | D69: Adolescens (Jugendlicher) Joes Jacobus Rath | E69: Virgo (Jungfrau) Anna Maria Syffridin | F69: Joes Guilielmus Rath p.m. et Demuth | G69: Bartholomaeus Syffrid p.m. et Catharina
A70: 1694 | B70: 22.11. | C70: Rheinberger | D70: Adolescens (Jugendlicher) Joes Rheinberger | E70: Virgo (Jungfrau) Anna Elisabetha Ringelin | F70: Dominus [Meister] Joes Philippus Rheinberger, Scabinus in Frauenstein, et Anna Barbara | G70: Henricus Ringel p.m., Civis huiatis, et Maria Eva
A71: 1695 | B71: 10.1. | C71: Münch | D71: Adolescens (Jugendlicher) Joes Münch | E71: Virgo (Jungfrau) Anna Elisabetha Eschbachin | F71: Matthaeus Münch, Civis huiatis, et Anna Maria | G71: Joes Eschbach p.m. et Anna Maria
A72: 1695 | B72: 18.4. | C72: rübel | D72: Adolescens (Jugendlicher) Severinus Rübel ex Mertenstein | E72: Virgo (Jungfrau) Maria Eulalia Münchin | F72: Joes Rübel et Anna Sybilla | G72: Matthaeus Münch Civis huiatis, et Anna Maria
A73: 1695 | B73: 9.5. | C73: Rumpel | D73: Viduus (Witwer) Gisbert Rumpel ex Runckel | E73: Vidua (eine Witwe) Odilia Döllin Molitrix [ein Frauenheld?] auf der Dörrmühl | H73: infelix Matrimonium! [unglückliche Ehe!]
A74: 1695 | B74: 30.8. | C74: Lamberti | D74: Dominus [Meister] Jodocus Lamberti, Scriba Curiae Asperavallanae | E74: Virgo (Jungfrau) Anna Maria Hoffmännin | G74: Dominus [Meister] Joes Gregorius Hoffmann, Präetor supremus, et Anna Maria
A75: 1695 | B75: 17.10. | C75: Weiskirch | D75: Dominus [Meister] Joes Weiskirch p.t. Ludimagister [Spielmeister] Neovillanus | E75: Virgo (Jungfrau) Maria Eva Münchin | F75: Dominus [Meister] Joes Valentinus Weiskirch, Suppraetor Asperav., et Odilia | G75: Joes Valentinus Münch et Maria Eulalis
A76: 1695 | B76: ? | C76: Ohlbach | D76: Joes Jacobus Ohlbach | E76: Virgo (Jungfrau) Anna Elisabetha Baarzin | F76: Jacobus Ohlbach et Anna | G76: Joes Baarz et Elisabetha | H76: coram Tertibus
A77: 1696 | B77: 30.4. | C77: Franckfurter | D77: Dominus [Meister] Joes Franckfurter, Scabinus Asperavallanus | E77: Vidua (eine Witwe) Eulalia Münchin | G77: Valentini Münchs p.m. relicta
A78: 1696 | B78: 28.8. | C78: Stattmüller | D78: Dominus [Meister] Sebastianus Stattmüller Procuratur in Dieffenthal vigilantissimus | E78: Vidua (eine Witwe) Margaretha Pezin | G78: Domini Jacobi Pez p.m. relicta
A79: 1696 | B79: 20.11. | C79: Seiff | D79: Adolescens (Jugendlicher) Joes Georgius Seiff | E79: Virgo (Jungfrau) Gertrudis Frizin | F79: Jacobus Seiff, Incola [Bewohner] Kidderacensis | G79: Joes Friz, Civis in Frauenstein, et Maria Barbara
B80: 1697 | C80: leer | D80: nemo copulatus est | E80: niemand ist gekoppelt im Jahre 1697
A81: 1698 | B81: 3.2. | C81: Ohler | D81: Adolescens (Jugendlicher) Joes Martinus Ohler | E81: Virgo (Jungfrau) Maria Catharina Marckloffin | F81: Dominus [Meister] Antonius Ohler, Scabinus in Oberwalluf, et Anna Catharina | G81: D(ominus) Georgius Marckloff et Anna Catharina
A82: 1698 | B82: 4.2. | C82: Geisler | D82: Adolescens (Jugendlicher) Christophorus Geisler | E82: Virgo (Jungfrau) Maria Elisabetha Pezin | F82: Dominus [Meister] Joes Geisler, Scabinus huiatis, et Ursula | G82: Dominus [Meister] Jacobus Pez p.m., Scabinus huiatis, et Margaretha
A83: 1698 | B83: 12.5. | C83: Preis | D83: Adolescens (Jugendlicher) Andreas Preis | E83: Virgo (Jungfrau) Maria Catharina Weiskirchin | F83: Joes Preis, Civis et Pistor Altavillanus, et ? | G83: Joes Valentinus Weiskirch Suppraetor huiatis, et ?
A84: 1698 | B84: 16.6. | C84: Wagner | D84: Adolescens (Jugendlicher) Joes Henricus Wagner | E84: Virgo (Jungfrau) Odilia Heylin | F84: Antonius Wagner, Civis Schiersteinensis, et Eulalia | G84: Marcus(?) Heyl, Civis Asperavallanus, et Anna Maria
A85: 1698 | B85: 29.8. | C85: Rath | D85: ? Wilhelmus Rath | E85: Virgo (Jungfrau) Maria Eulalia Münchin | F85: Wilhelmus Rath, Civis huiatis p.m., et Demuth | G85: Andreas Münch, Scabinus huiatis, et Margaretha
A86: 1698 | B86: 30.9. | C86: unleserlich | D86: Eintrag (4 Zeilen) unleserlich
A87: 1698 | B87: 24.11. | C87: Korn | D87: Adolescens (Jugendlicher) Christianus Jacobus Korn | E87: Virgo (Jungfrau) Maria Elisabetha Kettebachin | F87: Philippus Korn p.m., Civis huiatis, et Anna | G87: Joes Gerardus Kettebach Civis Asperavallanus p.m. et Demuth
A88: 1698 | B88: 5.12. | C88: Thehan | D88: Viduus (Witwer) Leonardus Th(?)ehan | E88: Mulier Elisabetha Gottaßlabin | H88: Dominus [Meister] Joes Valentinus Emmel p.t. Ludimagister [Spielmeister] huiatis, et Christianus Ohlbach, Civis Asperavallanus
A89: 1699 | B89: 22.5. | C89: Fischbach | D89: Viduus (Witwer) Antonius Fischbach, Incola [Bewohner] Asper. | E89: Virgo (Jungfrau) Anna Catharina Winterichin | G89: Nicolaus Winterich Civis in Piesport ad Mosellam, et Catharina | H89: Franciscus Nünen Campanator, Christianus Jacobus Isinger et Martinus Nocker, Cives Asp.
A90: 1699 | B90: 27.8. | C90: Schweizer | D90: Adolescens (Jugendlicher) Joes Gerardus Schweizer | E90: Virgo (Jungfrau) Maria Elisabetha Lambertin | F90: Joes Jacobus Schweizer p.m., Civis Asper., et Maria Elisabetha | G90: Dominus [Meister] Jodocus Lamberti Scriba et Scabinus hujatus et Anna Maria p.m.
A91: 1699 | B91: 3.9. | C91: Schöffer | D91: Adolescens (Jugendlicher) Joes Adamus Schöffer | E91: Virgo (Jungfrau) Anna Maria Münchin | F91: Joes Michael Schöffer, Accola Asp., et Catharina | G91: Dominus [Meister] Joes Martinus Münch, olim Praetor Neovillanus, et Anna
A92: 1699 | B92: 29.9. | C92: Hoffmann | D92: Dominus [Meister] Joes Gregorius Hoffmann, Praetor Asperavallanus | E92: Matrona Angela Schmittin | H92: coram venerabili Testium Corona | I92: vor der ehrwürdigen Krone der Zeugen
A93: 1699 | B93: 30.9. | C93: Saffenberger | D93: Adolescens (Jugendlicher) Joes Petrus Saffenberger | E93: Virgo (Jungfrau) Maria Catharina Hoffmänin | F93: Dominus [Meister] Joes Martinus Saffenberger p.m., Scabinus Neovillanus, et Christina | G93: Joes Gregorius Hoffman, Praetor Asperavallensis, et Anna Maria p.m.
A94: 1699 | B94: ? | C94: Daschmann | D94: ? Joes Daschmann | E94: Virgo (Jungfrau) Anna Maria Rathin | F94: Joes Georgius Daschmann Civis Costheimensis et Joanna | G94: Giulielmus Rath p.m. Civis Asperav. et Demuth
A95: 1700 | B95: 7.1. | C95: Embacher | D95: Adolescens (Jugendlicher) Joes Jacobus Embacher | E95: Virgo (Jungfrau) Maria Elisabetha Franckfurterin | F95: Joes Jacobus Embacher Civis Bretzenheimensis ad Navam, et Susanna | G95: Dominus [Meister] Joes Franckfurter p.m. Scabinus Asperavallanus, et Odilia
A96: 1700 | B96: 22.2. | C96: Sturm | D96: Adolescens (Jugendlicher) Joes Ludovicus Sturm | E96: Virgo (Jungfrau) Maria Elisabetha Müllerin | F96: Jacobus Sturm Civis Asp. et Maria Agnes p.m. | G96: Christianus Müller Civis Asp. et Anna
A97: 1700 | B97: 19.8. | C97: Würzfeld | D97: Adolescens (Jugendlicher) Joes Henricus Würzfeld | E97: Virgo (Jungfrau) Maria Elisabetha Geislerin | F97: Civis Matthias Würzfeld p.m. et Elisabetha | G97: Dominus [Meister] Joes Geisler Scabinus huiatis et Ursula
A98: 1700 | B98: 20.11. | C98: Jacobus | D98: Dominus [Meister] Joes Jacobus p.t. Ludimagister [Spielmeister] Asperavallanus | E98: Virgo (Jungfrau) Maria Barbara Nünin | G98: Franciscus Theodorus Nünen, Aedituus Noster, et Anna Maria
A99: 1700 | B99: 20.11. | C99: Kettenbach | D99: Adolescens (Jugendlicher) Joes Martinus Kettenbach | E99: Virgo (Jungfrau) Maria Margaretha Wagnerin | F99: Joes Gerardus Kettenbach p.m. et Demuth | G99: Bartholomaeus Wagner et Catharina
A100: 1701 | B100: 24.1. | C100: Schuth | D100: Adolescens (Jugendlicher) Adamus Schuth | E100: Maria Felicitas Marckloffin | F100: Andreas Schuth, Civis Altavillanus P.m. et Elisabetha | G100: Dominus [Meister] Georgius Marckloff Scabinus Asperavallanus et Anna Catharina
...

Sheet Totenbuch 1666 bis 1831
A1: lfd. Nr. | B1: Jahr | C1: Datum | D1: Name | E1: Vorname | F1: Hinweise | G1: Bemerkungen 1 | H1: Bemerkungen 2
A2: 1 | B2: 1666 | C2: 9.11. | D2: Siegfriedin | E2: Barbara | F2: forsan Peste infecta prima Uxor spectabilis Domini Joannis Gerhard Siegfried Scabini et Telonearii Asperavallensis | G2: so der Grabstein auf dem Friedhof | H2: vielleicht mit der Pest infiziert, die erste Frau des gutaussehenden Sir John Gerhard Siegfried Scabini und des Zöllners von Asperavallensis
A3: 1 | B3: 1684 | C3: 8.6. | D3: Wagnerin | E3: Catharina | F3: in Puerperio [im Wochenbett]
A4: =A3+1 -> 2 | B4: 1684 | C4: Juni | D4: Emmel | E4: Josef | F4: Seniculus [Ein alter Mann]
A5: =A4+1 -> 3 | B5: 1684 | C5: 31.10. | D5: Weißkirchin | E5: Eva | F5: Sechzigerin
A6: =A5+1 -> 4 | B6: 1684 | C6: 15.12. | D6: Köttenbachin | E6: Anna | F6: tacta est Apoplexia
A7: 1 | B7: 1685 | C7: 23.1. | D7: Marckloffin | E7: Catharina | F7: Cognomen [Nachname] Isinger
A8: =A7+1 -> 2 | B8: 1685 | C8: 25.3. | D8: Simon | E8: Balthasarius | F8: Siebziger
A9: =A8+1 -> 3 | B9: 1685 | C9: 21.4. | D9: Weiskirch | E9: Joes | F9: p.t. Campatrador, Vierziger
A10: =A9+1 -> 4 | B10: 1685 | C10: 21.4. | D10: Lizius | E10: Joes Jacobus | F10: Infans [ein Kind]
A11: =A10+1 -> 5 | B11: 1685 | C11: ?.8. | D11: Emmelin | E11: Anna Maria | F11: Infans [ein Kind]
A12: 1 | B12: 1686 | C12: 8(?).1. | D12: Cöllin | E12: Margaretha | F12: ex Franconia pago........ nata
A13: =A12+1 -> 2 | B13: 1686 | C13: item | D13: Zey | E13: Infans [ein Kind] | F13: Pater: Joes Zey, Mater: Anna Maria
A14: =A13+1 -> 3 | B14: 1686 | C14: März | D14: Petz | E14: Infans [ein Kind] inanimatus | F14: Eltern Joes Gerardus Petz u. Margaretha
A15: =A14+1 -> 4 | B15: 1686 | C15: item | D15: Fois(?) | E15: Infans [ein Kind] | F15: (Vater?) Joes. Valentinus
A16: =A15+1 -> 5 | B16: 1686 | C16: ? 8. | D16: Heyl | E16: Franciscus | F16: Puer(?)
A17: =A16+1 -> 6 | B17: 1686 | C17: item | D17: Hermen (?) | E17: Joes Gerardus | F17: Parvulus [der Kleine]
A18: =A17+1 -> 7 | B18: 1686 | C18: August | D18: Schmidtin(?) | E18: Anna Christina | F18: ? Infans [ein Kind] (* 1.8.1686 T. d. Joes Martinus)
A19: =A18+1 -> 8 | B19: 1686 | C19: item | D19: Heyl | E19: Franciscus
A20: =A19+1 -> 9 | B20: 1686 | C20: 5.8. | D20: Heylin | E20: Catharina
A21: =A20+1 -> 10 | B21: 1686 | C21: item | D21: Infans [ein Kind] inanimatus | F21: Eltern D Valentinus Siegfridt et Catharina
A22: =A21+1 -> 11 | B22: 1686 | C22: 18.10. | D22: Syfridin | E22: Maria Elisabetha | F22: ? N.B.: ?
A23: =A22+1 -> 12 | B23: 1686 | C23: 3.11. | D23: Ezler(?) | E23: Joes Jacobus | F23: p.t. Molitor [Arbeiter] der Klingenmühl. Vir decrepitus (altersschwach)
A24: =A23+1 -> 13 | B24: 1686 | C24: item | D24: Rathin | E24: Catharina | F24: siebenjährig(?)
A25: =A24+1 -> 14 | B25: 1686 | C25: 12.12. | D25: Korn | E25: Joes Gerardus | F25: Infans [ein Kind] (S. d. Philipp Korn Civis [Bürger] )
A26: =A25+1 -> 15 | B26: 1686 | C26: 18.12. | D26: Küngin(?) | E26: Anna Maria | F26: ?
A27: 1 | B27: 1687 | C27: 13.1. | D27: Fhelingerin | E27: Anna Maria | F27: ?
A28: =A27+1 -> 2 | B28: 1687 | C28: item | D28: Würzfeldin | E28: Odilia | F28: Parvula (kein *eintrag)
A29: =A28+1 -> 3 | B29: 1687 | C29: März | D29: Marckloff | E29: Jacobus | F29: Infans [ein Kind]
A30: =A29+1 -> 4 | B30: 1687 | C30: ?.4. | D30: Korn | E30: Philippus | F30: vor 40 Jahre
A31: =A30+1 -> 5 | B31: 1687 | C31: 7.5. | D31: Kornin | E31: Anna | F31: Mädchen von 10 Jahren
A32: =A31+1 -> 6 | B32: 1687 | C32: item | D32: Isinger | E32: infantula | F32: Christiani Isingers
A33: =A32+1 -> 7 | B33: 1687 | C33: 19.6. | D33: Schafferin | E33: Elisabetha | F33: dreijährig
A34: =A33+1 -> 8 | B34: 1687 | C34: item | D34: Marckloff | E34: Infans [ein Kind] | F34: Francisci Marckloff (* 2.1687)
A35: =A34+1 -> 9 | B35: 1687 | C35: 9.7. | D35: Schw..in | E35: Elisabetha | F35: Witwe in den Siebzigern hytropica
A36: =A35+1 -> 10 | B36: 1687 | C36: 1(?).10. | D36: Lambertin | E36: Anna Maria Gertr. | F36: Infantula (kein *eintrag)
A37: =A36+1 -> 11 | B37: 1687 | C37: 4.10. | D37: Fostin | E37: Anna Maria | F37: ungefähr 40 Jahre Morbo diuturno [Eine lange Krankheit]
A38: 1 | B38: 1688 | C38: 4.1. | D38: Infans [ein Kind] exanimis | F38: Pater Joes Stab et Anna coniuges
A39: =A38+1 -> 2 | B39: 1688 | C39: ? | D39: L ? | E39: Hermannus
A40: =A39+1 -> 3 | B40: 1688 | C40: item | D40: Nocke(?) | E40: Xtianus | F40: Infans [ein Kind]
A41: =A40+1 -> 4 | B41: 1688 | C41: April | D41: Zwillinge | F41: des Jacob Eigler(?)
A42: =A41+1 -> 5 | B42: 1688 | C42: item | D42: Köttenbach | E42: Joes Antonius | F42: Senientus
A43: =A42+1 -> 6 | B43: 1688 | C43: ?.5. | D43: Jörg | E43: Joes | F43: Infans [ein Kind]
A44: =A43+1 -> 7 | B44: 1688 | C44: 7.5. | D44: Eschbachin | E44: Anna Maria und Anna Elis. | F44: Zwillinge
A45: =A44+1 -> 8 | B45: 1688 | C45: 29.6. | D45: Wagner | E45: Joes | F45: Infans [ein Kind]
A46: =A45+1 -> 9 | B46: 1688 | C46: 15.7. | D46: Hilgin | E46: Anna | F46: Senienta
A47: =A46+1 -> 10 | B47: 1688 | C47: 7. 10. | D47: Hö.... | E47: Nicolaus | F47: ungefähr 8 Jahre
A48: =A47+1 -> 11 | B48: 1688 | C48: ? | D48: L... | E48: Andreas | F48: Infans [ein Kind]. Natus in patria Gulden...
A49: =A48+1 -> 12 | B49: 1688 | C49: ?.10. | D49: ? | E49: ? | F49: ?
A50: =A49+1 -> 13 | B50: 1688 | C50: 30.10. | D50: Ezlerin | E50: Anna Barbara | F50: altersschwache Witwe auf der Klingenmühl
A51: 1 | B51: 1689 | C51: 4.1. | D51: Isinger | E51: Bartholomaeus | F51: p.t. Scabinus ungefähr 80 Jahre
A52: =A51+1 -> 2 | B52: 1689 | C52: ?.1. | D52: Pezin | E52: Anna Maria | F52: Infantula
A53: =A52+1 -> 3 | B53: 1689 | C53: 27.2. | D53: Henning | E53: Jörg | F53: Infans [ein Kind]
A54: =A53+1 -> 4 | B54: 1689 | C54: ?.4. | D54: ? | E54: ? | F54: Filius [Sohn] Molitor [Arbeiter] is auf der Dürpen....
A55: =A54+1 -> 5 | B55: 1689 | C55: ?.4. | D55: Stabin | E55: Anna | F55: Coniux et Uxor Jois Stab ungefähr 40 Jahre
A56: =A55+1 -> 6 | B56: 1689 | C56: ? | D56: ? | E56: Anna Maria | F56: ?
A57: =A56+1 -> 7 | B57: 1689 | D57: Stabin | E57: Magdalena
A58: =A57+1 -> 8 | B58: 1689 | D58: Isinger | E58: Joes Eucharius | F58: Infans [ein Kind]
A59: =A58+1 -> 9 | B59: 1689 | C59: 9.5. | D59: Stab | E59: Joes
A60: =A59+1 -> 10 | B60: 1689 | C60: 10.5. | D60: Fischbachin | E60: Eva | F60: medioris Aetatis (mittleren Alters)
A61: =A60+1 -> 11 | B61: 1689 | C61: 20.5. | D61: Wagner | E61: Joes Gregorius | F61: ?
A62: =A61+1 -> 12 | B62: 1689 | C62: 1.6. | E62: Maria
A63: =A62+1 -> 13 | B63: 1689 | C63: ?.7. | D63: Sturm(?) | E63: Jacobus
A64: =A63+1 -> 14 | B64: 1689 | C64: ?.7. | D64: So... | E64: Jois Eberhardus | F64: Infans [ein Kind]
A65: =A64+1 -> 15 | B65: 1689 | C65: ?.7. | D65: Sturmin | E65: Maria Agnes
A66: =A65+1 -> 16 | B66: 1689 | D66: Uxor(?) Bubulei Antonii cognomine Lucas
A67: =A66+1 -> 17 | B67: 1689 | C67: 24.8. | D67: Jörg | E67: Anna Margareths | F67: Infans [ein Kind] Jacobi Jörgs
A68: =A67+1 -> 18 | B68: 1689 | C68: 19.9. | D68: N. | E68: Tillmannus | F68: Infans [ein Kind] cuius Parentes erant ex Oberulm tum temporis ppth. Bellum hic morabantur | G68: Ein Kind, dessen Eltern zum Zeitpunkt ppth aus Oberulm stammten Sie blieben während des Krieges hier
A69: =A68+1 -> 19 | B69: 1689 | C69: 29.9. | D69: Wagner | E69: Bartholomaeus | F69: ungefähr 14 Jahre
A70: =A69+1 -> 20 | B70: 1689 | C70: 6.10. | D70: Schmitz | E70: Jacobus | F70: decrepitus (altersschwach)
A71: =A70+1 -> 21 | B71: 1689 | C71: 14.10. | D71: Gerlach | E71: Joannes | F71: ungefähr 14 Jahre
A72: =A71+1 -> 22 | B72: 1689 | C72: 15.10. | D72: Isingerin | E72: Margaretha
A73: =A72+1 -> 23 | B73: 1689 | D73: ? | E73: Anna Elisabetha
A74: =A73+1 -> 24 | B74: 1689 | C74: 3.11. | D74: Haag(?) | E74: Petrus | F74: Vierziger
A75: =A74+1 -> 25 | B75: 1689 | C75: ?.11. | D75: ? | E75: Margaretha
A76: =A75+1 -> 26 | B76: 1689 | C76: 11.11. | D76: Sturm | E76: Joes Valentinus | F76: Sechziger
A77: =A76+1 -> 27 | B77: 1689 | C77: 12.11. | D77: Peez | E77: Joes
A78: =A77+1 -> 28 | B78: 1689 | C78: 14.11. | D78: Gerlachin | E78: Maria Elisabetha
A79: =A78+1 -> 29 | B79: 1689 | C79: 16.11. | D79: Lizius | E79: Matheus | F79: 40 Jahre
A80: =A79+1 -> 30 | B80: 1689 | C80: 17.11. | D80: Ringelin | E80: Demuth Humilitas | F80: 25 Jahre
A81: =A80+1 -> 31 | B81: 1689 | C81: 18.11. | D81: Münch | E81: Andreas | F81: Dominus, Senator
A82: =A81+1 -> 32 | B82: 1689 | C82: 18.11. | D82: Buschman | E82: Andreas | F82: Faber lignarius, 40 Jahre
A83: =A82+1 -> 33 | B83: 1689 | C83: 23.11. | D83: Sturmin | E83: Maria Catharina | F83: ungefähr 12 Jahre
A84: =A83+1 -> 34 | B84: 1689 | C84: 29.11. | D84: Münch | E84: Joes Adamus | F84: Dominus. Studiosus Philosophiae qui Ecclesiae nostrae oro Altari summo de novo exstruendo legavit pie centum Imperiales | G84: Meister. Ein Student der Philosophie, der auf das Gebet unserer Kirche hundert Kaiserliche für den Neubau des Hochaltars vermachte
A85: =A84+1 -> 35 | B85: 1689 | C85: 10.12. | D85: Heyll | E85: Wilhelmus | F85: 40 Jahre
A86: =A85+1 -> 36 | B86: 1689 | C86: 13.12. | D86: Münch | E86: Joes Valentinus | F86: ungefähr 40 Jahre | G86: 1649 ca.?
A87: =A86+1 -> 37 | B87: 1689 | C87: 20.12. | D87: Gerlachin | E87: Catharina
A88: =A87+1 -> 38 | B88: 1689 | C88: 29.12. | D88: Isingerin | E88: Elisabetha
A89: =A88+1 -> 39 | B89: 1689 | C89: 30.12. | D89: Ringelin | E89: Odilia | F89: Mädchen von ungefähr 16 Jahren
A90: 1 | B90: 1690 | C90: 3.1. | D90: Nolette | E90: Joes | F90: Peregrinus fenestrarius ex ?
A91: =A90+1 -> 2 | B91: 1690 | C91: 4.1. | D91: Franckfurterin | E91: Anna Catherina | F91: Infans [ein Kind]
A92: =A91+1 -> 3 | B92: 1690 | C92: 4.1. | D92: Jorg | E92: Joes Valentinus | F92: quinquennis (fünfjährig)
A93: =A92+1 -> 4 | B93: 1690 | C93: 13.1. | D93: Wurtzfeld | E93: Joes | F93: 13(?) Jahre
A94: =A93+1 -> 5 | B94: 1690 | C94: 15.1. | D94: Schweizer | E94: Joes Jacobus | F94: septennis (siebenjährig)
A95: =A94+1 -> 6 | B95: 1690 | C95: 16.1. | D95: Müllerin | E95: Anna | F95: biennis (zweijährig) auf der Dürrmühle
A96: =A95+1 -> 7 | B96: 1690 | C96: 29.1. | D96: Eschbachin | E96: Margaretha | F96: Infans [ein Kind]
A97: =A96+1 -> 8 | B97: 1690 | C97: 30.1. | D97: Stabin | E97: leer | F97: leer
A98: =A97+1 -> 9 | B98: 1690 | C98: 2.2. | D98: Hanin | E98: Catharina | F98: Uxor Jois Valentini Han. Heac nescio quo phantasmaste seducta in infirmitate sua incidit in Fontem et suffocata est | G98: Die Ehefrau von Jois Valentinus Han. Von einem Phantom verführt, fiel sie in ihrer Schwäche in den Brunnen und erstickte
A99: =A98+1 -> 10 | B99: 1690 | C99: 3.2. | D99: Exterin(?) | E99: Margaretha | F99: Infans [ein Kind]
A100: =A99+1 -> 11 | B100: 1690 | C100: 7.2. | D100: Ninin | E100: Margaretha | F100: Infans [ein Kind]
...

Sheet Statistik
A1: Statistik über Taufen, Trauungen und Beerdigungen
A2: Jahr | B2: Anz. Taufen | C2: Anz. Trauungen | D2: Anz. Beedigungen
A3: 1643 | B3: ='Taufen 1643 bis 1839'!C4153 -> 11 | C3: keine Aufzeichnungen | D3: keine Aufzeichnungen
A4: 1644 | B4: ='Taufen 1643 bis 1839'!C4154 -> 11 | C4: keine Aufzeichnungen | D4: keine Aufzeichnungen
A5: 1645 | B5: ='Taufen 1643 bis 1839'!C4155 -> 0 | C5: keine Aufzeichnungen | D5: keine Aufzeichnungen
A6: 1646 | B6: ='Taufen 1643 bis 1839'!C4156 -> 3 | C6: keine Aufzeichnungen | D6: keine Aufzeichnungen
A7: 1647 | B7: ='Taufen 1643 bis 1839'!C4157 -> 8 | C7: keine Aufzeichnungen | D7: keine Aufzeichnungen
A8: 1648 | B8: ='Taufen 1643 bis 1839'!C4158 -> 14 | C8: keine Aufzeichnungen | D8: keine Aufzeichnungen
A9: 1649 | B9: ='Taufen 1643 bis 1839'!C4159 -> 8 | C9: keine Aufzeichnungen | D9: keine Aufzeichnungen
A10: 1650 | B10: ='Taufen 1643 bis 1839'!C4160 -> 8 | C10: keine Aufzeichnungen | D10: keine Aufzeichnungen
A11: 1651 | B11: ='Taufen 1643 bis 1839'!C4161 -> 7 | C11: keine Aufzeichnungen | D11: keine Aufzeichnungen
A12: 1652 | B12: ='Taufen 1643 bis 1839'!C4162 -> 2 | C12: keine Aufzeichnungen | D12: keine Aufzeichnungen
A13: 1653 | B13: ='Taufen 1643 bis 1839'!C4163 -> 19 | C13: keine Aufzeichnungen | D13: keine Aufzeichnungen
A14: 1654 | B14: ='Taufen 1643 bis 1839'!C4164 -> 1 | C14: keine Aufzeichnungen | D14: keine Aufzeichnungen
... A25: 1665 | B25: ='Taufen 1643 bis 1839'!C4175 -> 2 | C25: keine Aufzeichnungen | D25: keine Aufzeichnungen
A26: 1666 | B26: ='Taufen 1643 bis 1839'!C4176 -> 0 | C26: keine Aufzeichnungen | D26: 1
A27: 1667 | B27: ='Taufen 1643 bis 1839'!C4177 -> 6 | C27: keine Aufzeichnungen | D27: keine Aufzeichnungen
A28: 1668 | B28: ='Taufen 1643 bis 1839'!C4178 -> 21 | C28: keine Aufzeichnungen | D28: keine Aufzeichnungen
A29: 1669 | B29: ='Taufen 1643 bis 1839'!C4179 -> 6 | C29: keine Aufzeichnungen | D29: keine Aufzeichnungen
A30: 1670 | B30: ='Taufen 1643 bis 1839'!C4180 -> 17 | C30: keine Aufzeichnungen | D30: keine Aufzeichnungen
A31: 1671 | B31: ='Taufen 1643 bis 1839'!C4181 -> 13 | C31: keine Aufzeichnungen | D31: keine Aufzeichnungen
A32: 1672 | B32: ='Taufen 1643 bis 1839'!C4182 -> 30 | C32: keine Aufzeichnungen | D32: keine Aufzeichnungen
A33: 1673 | B33: ='Taufen 1643 bis 1839'!C4183 -> 21 | C33: keine Aufzeichnungen | D33: keine Aufzeichnungen
A34: 1674 | B34: ='Taufen 1643 bis 1839'!C4184 -> 17 | C34: keine Aufzeichnungen | D34: keine Aufzeichnungen
A35: 1675 | B35: ='Taufen 1643 bis 1839'!C4185 -> 20 | C35: keine Aufzeichnungen | D35: keine Aufzeichnungen
A36: 1676 | B36: ='Taufen 1643 bis 1839'!C4186 -> 13 | C36: keine Aufzeichnungen | D36: keine Aufzeichnungen
A37: 1677 | B37: ='Taufen 1643 bis 1839'!C4187 -> 15 | C37: ='Trauungen 1677 bis 1831'!B862 -> 4 | D37: keine Aufzeichnungen
A38: 1678 | B38: ='Taufen 1643 bis 1839'!C4188 -> 24 | C38: ='Trauungen 1677 bis 1831'!B863 -> 3 | D38: keine Aufzeichnungen
A39: 1679 | B39: ='Taufen 1643 bis 1839'!C4189 -> 23 | C39: ='Trauungen 1677 bis 1831'!B864 -> 2 | D39: keine Aufzeichnungen
A40: 1680 | B40: ='Taufen 1643 bis 1839'!C4190 -> 16 | C40: ='Trauungen 1677 bis 1831'!B865 -> 4 | D40: keine Aufzeichnungen
A41: 1681 | B41: ='Taufen 1643 bis 1839'!C4191 -> 14 | C41: ='Trauungen 1677 bis 1831'!B866 -> 1 | D41: keine Aufzeichnungen
A42: 1682 | B42: ='Taufen 1643 bis 1839'!C4192 -> 20 | C42: ='Trauungen 1677 bis 1831'!B867 -> 5 | D42: keine Aufzeichnungen
A43: 1683 | B43: ='Taufen 1643 bis 1839'!C4193 -> 21 | C43: ='Trauungen 1677 bis 1831'!B868 -> 2 | D43: keine Aufzeichnungen
A44: 1684 | B44: ='Taufen 1643 bis 1839'!C4194 -> 17 | C44: ='Trauungen 1677 bis 1831'!B869 -> 5 | D44: ='Totenbuch 1666 bis 1831'!C2630 -> 4
A45: 1685 | B45: ='Taufen 1643 bis 1839'!C4195 -> 23 | C45: ='Trauungen 1677 bis 1831'!B870 -> 3 | D45: ='Totenbuch 1666 bis 1831'!C2631 -> 5
A46: 1686 | B46: ='Taufen 1643 bis 1839'!C4196 -> 20 | C46: ='Trauungen 1677 bis 1831'!B871 -> 4 | D46: ='Totenbuch 1666 bis 1831'!C2632 -> 15
A47: 1687 | B47: ='Taufen 1643 bis 1839'!C4197 -> 20 | C47: ='Trauungen 1677 bis 1831'!B872 -> 3 | D47: ='Totenbuch 1666 bis 1831'!C2633 -> 11
A48: 1688 | B48: ='Taufen 1643 bis 1839'!C4198 -> 23 | C48: ='Trauungen 1677 bis 1831'!B873 -> 4 | D48: ='Totenbuch 1666 bis 1831'!C2634 -> 13
A49: 1689 | B49: ='Taufen 1643 bis 1839'!C4199 -> 20 | C49: ='Trauungen 1677 bis 1831'!B874 -> 3 | D49: ='Totenbuch 1666 bis 1831'!C2635 -> 39
A50: 1690 | B50: ='Taufen 1643 bis 1839'!C4200 -> 14 | C50: ='Trauungen 1677 bis 1831'!B875 -> 12 | D50: ='Totenbuch 1666 bis 1831'!C2636 -> 34
A51: 1691 | B51: ='Taufen 1643 bis 1839'!C4201 -> 26 | C51: ='Trauungen 1677 bis 1831'!B876 -> 3 | D51: ='Totenbuch 1666 bis 1831'!C2637 -> 20
A52: 1692 | B52: ='Taufen 1643 bis 1839'!C4202 -> 19 | C52: ='Trauungen 1677 bis 1831'!B877 -> 3 | D52: ='Totenbuch 1666 bis 1831'!C2638 -> 21
A53: 1693 | B53: ='Taufen 1643 bis 1839'!C4203 -> 12 | C53: ='Trauungen 1677 bis 1831'!B878 -> 4 | D53: ='Totenbuch 1666 bis 1831'!C2639 -> 13
A54: 1694 | B54: ='Taufen 1643 bis 1839'!C4204 -> 19 | C54: ='Trauungen 1677 bis 1831'!B879 -> 4 | D54: ='Totenbuch 1666 bis 1831'!C2640 -> 11
A55: 1695 | B55: ='Taufen 1643 bis 1839'!C4205 -> 13 | C55: ='Trauungen 1677 bis 1831'!B880 -> 6 | D55: ='Totenbuch 1666 bis 1831'!C2641 -> 10
... A191: 1831 | B191: ='Taufen 1643 bis 1839'!C4341 -> 33 | C191: ='Trauungen 1677 bis 1831'!B1016 -> 2 | D191: ='Totenbuch 1666 bis 1831'!C2777 -> 12
A192: 1832 | B192: ='Taufen 1643 bis 1839'!C4342 -> 26 | C192: keine Aufzeichnungen | D192: keine Aufzeichnungen
A193: 1833 | B193: ='Taufen 1643 bis 1839'!C4343 -> 29 | C193: keine Aufzeichnungen | D193: keine Aufzeichnungen
A194: 1834 | B194: ='Taufen 1643 bis 1839'!C4344 -> 22 | C194: keine Aufzeichnungen | D194: keine Aufzeichnungen
A195: 1835 | B195: ='Taufen 1643 bis 1839'!C4345 -> 32 | C195: keine Aufzeichnungen | D195: keine Aufzeichnungen
A196: 1836 | B196: ='Taufen 1643 bis 1839'!C4346 -> 38 | C196: keine Aufzeichnungen | D196: keine Aufzeichnungen
A197: 1837 | B197: ='Taufen 1643 bis 1839'!C4347 -> 33 | C197: keine Aufzeichnungen | D197: keine Aufzeichnungen
A198: 1838 | B198: ='Taufen 1643 bis 1839'!C4348 -> 40 | C198: keine Aufzeichnungen | D198: keine Aufzeichnungen
A199: 1839 | B199: ='Taufen 1643 bis 1839'!C4349 -> 34 | C199: keine Aufzeichnungen | D199: keine Aufzeichnungen

Sheet Schuth Löwen Krone
C3: 1747 | D3: Johannes Kißerling hat die Schildgerechtigkeit "zum Löwen" am 29. November erhalten
C4: 1747 | D4: Meister Werner hat die Schildgerechtigkeit für die "Krone" am 28. Dezember erhalten
C5: 1783 | D5: Im August heiratet Schultheiß Schuth Anna-Maria Werner, Tochter des verstorbenen Meisters Werner und seiner hinterbliebenen Witwe Frau Katharina Werner. Die Schwiegermutter Katharina Werner betreibt zu diesem Zeitpunkt die "Krone".
